 Dungeon Crawl Stone Soup version 0.28-a0-932-g843f935a50 (webtiles) character file.

Game seed: 12186236287063922302

6827 dolemite99 the Carver (level 10, -1/86 HPs)
             Began as a Minotaur Hunter on Nov 28, 2021.
             Was a Believer of Yredelemnul.
             Succumbed to a cane toad's poison
             ... on level 1 of the Lair of Beasts.
             The game lasted 00:14:39 (12160 turns).

dolemite99 the Carver (Minotaur Hunter)            Turns: 12160, Time: 00:14:40

Health: -1/86      AC: 18    Str: 21    XL:     10   Next: 77%
Magic:  12/12      EV: 11    Int:  8    God:    Yredelemnul [**....]
Gold:   229        SH:  5    Dex: 13    Spells: 9/9 levels left

rFire   . . .      SeeInvis .   a - +6 scimitar
rCold   . . .      Faith    .   (no shield)
rNeg    + . .      Spirit   .   t - +0 plate armour
rPois   +          Reflect  +   (helmet restricted)
rElec   +          Harm     .   G - +2 cloak
rCorr   .          Rampage  .   y - +0 pair of gloves
Will    .....                   N - +0 pair of boots
Stlth   ..........              q - amulet of reflection
HPRegen 0.24/turn               e - ring of poison resistance
MPRegen 0.13/turn               k - ring "Kiev" {rElec rN+ EV+4 Dex+3 Stlth+}

@: lethally poisoned (-1 -> -21), mirroring injuries
A: horns 2, retaliatory headbutt, hooves 1, camouflage 1
a: Renounce Religion, Animate Remains, Recall Undead Slaves, Injury Mirror


You were on level 1 of the Lair of Beasts.
You worshipped Yredelemnul.
Yredelemnul was pleased with you.
You visited 2 branches of the dungeon, and saw 10 of its levels.

You collected 477 gold pieces.
You spent 248 gold pieces at shops.

Inventory:

Hand Weapons
 a - a +6 scimitar (weapon)
 b - a +1 hand crossbow
 i - a +0 hunting sling
 l - a +2 short sword of flaming
 v - a +0 long sword
 J - a +2 dagger of venom
 P - a +3 rapier
Missiles
 d - 47 bolts
 f - 204 stones (quivered)
 u - 125 arrows
 w - 121 poisoned darts
 F - 56 sling bullets
 I - a throwing net
Armour
 c - a +0 leather armour
 h - a +0 kite shield
 o - a +0 pair of boots
 t - a +0 plate armour (worn)
 y - a +0 pair of gloves (worn)
 G - a +2 cloak (worn)
 N - a +0 pair of boots (worn)
Jewellery
 e - a ring of poison resistance (left hand)
 k - the ring "Kiev" (right hand) {rElec rN+ EV+4 Dex+3 Stlth+}
   (You acquired it on level 9 of the Dungeon)

   [ring of evasion]

   EV:        It affects your evasion (+4).
   Dex:       It affects your dexterity (+3).
   rElec:     It insulates you from electricity.
   rN:        It protects you from negative energy.
   Stlth:     It makes you more stealthy.
 q - an amulet of reflection (around neck)
 D - an amulet of magic regeneration
 E - a ring of see invisible
 K - a ring of fire
 O - the ring "Gihag" {rF+ rN+ Str+2 Int-5}
   (You found it on level 9 of the Dungeon)

   [ring of protection from fire]

   Str:       It affects your strength (+2).
   Int:       It affects your intelligence (-5).
   rF:        It protects you from fire.
   rN:        It protects you from negative energy.
Wands
 x - a wand of polymorph (9)
 B - a wand of digging (6)
Scrolls
 g - a scroll of blinking
 s - 2 scrolls of identify {@r1}
 z - a scroll of amnesia
 C - a scroll of noise
 H - 3 scrolls of teleportation
 L - 2 scrolls of magic mapping
 M - a scroll of fear
Potions
 j - 2 potions of mutation
 m - a potion of haste
 n - a potion of resistance
 p - 2 potions of flight
 r - 5 potions of cancellation
 A - a potion of brilliance


   Skills:
 - Level 7.0 Fighting
 - Level 5.3(8.7) Short Blades
 - Level 11.6(12.2) Long Blades
 + Level 6.2 Crossbows
 + Level 6.2 Armour
 - Level 2.1 Dodging
 - Level 0.7 Stealth
 - Level 4.5 Invocations
 - Level 6.6 Evocations


You had 9 spell levels left.
You didn't know any spells.
Your spell library contained the following spells:

 Spells                   Type           Power      Damage    Failure   Level
 Sandblast                Erth           0%         2d4       100%        1
 Slow                     Hex            0%         N/A       100%        1
 Passwall                 Tmut/Erth      0%         N/A       100%        2
 Sublimation of Blood     Necr           0%         N/A       100%        2
 Confusing Touch          Hex            0%         N/A       100%        3
 Ozocubu's Armour         Ice            0%         N/A       100%        3
 Stone Arrow              Conj/Erth      0%         3d7       100%        3
 Vampiric Draining        Necr           0%         2d6       100%        3
 Petrify                  Tmut/Erth      0%         N/A       100%        4
 Irradiate                Conj/Tmut      0%         3d14      100%        5
 Ozocubu's Refrigeration  Ice            0%         4d5       100%        7


Dungeon Overview and Level Annotations

Branches:
Dungeon (9/15)             Temple (0/1) D:4            Lair (1/6) D:8
    Orc: D:9-12

Altars:
Fedhas
Kikubaaqudgha
Qazlal
Yredelemnul

Shops:
D:8 ?


Innate Abilities, Weirdness & Mutations

You have a pair of horns on your head.
You reflexively headbutt those who attack you in melee.
You have large cloven feet.
Your skin changes colour to match your surroundings (Stealth+).


Message History

You block the five-headed hydra's attack.
You block the cane toad's attack. The cane toad stings you!
* * * LOW HITPOINT WARNING * * *
Yredelemnul mirrors your injury!
The cane toad is heavily wounded.
Okay, then.
Fire: 50 bolts
Press: ? - help, Q - select action, (/) - cycle Shift-Dir - straight line, f/p - five-headed hydra
Aim: a five-headed hydra (almost dead, 82% to hit)
You shoot a bolt. The bolt hits the five-headed hydra!
You kill the five-headed hydra!
Yredelemnul accepts your kill.
Your Crossbows skill increases to level 6!
Your Armour skill increases to level 6!
Fire: 49 bolts
Press: ? - help, Q - select action, (/) - cycle Shift-Dir - straight line, f - cane toad
Aim: a cane toad (heavily wounded, 69% to hit)
You shoot a bolt.
The bolt hits the cane toad but does no damage.
The cane toad is heavily wounded.
The cane toad stings you!
* * * LOW HITPOINT WARNING * * *
Yredelemnul mirrors your injury!
The cane toad is severely wounded.
Fire: 48 bolts
Press: ? - help, Q - select action, (/) - cycle Shift-Dir - straight line, f/p - cane toad
Aim: a cane toad (severely wounded, 70% to hit)
You shoot a bolt.
The bolt hits the cane toad but does no damage.
The cane toad is severely wounded.
The cane toad closely misses you. The cane toad stings you!
* * * LOW HITPOINT WARNING * * *
You are lethally poisoned!
The cane toad poisons you! Yredelemnul mirrors your injury!
The cane toad is almost dead.
a - a +6 scimitar (weapon)
You die...
Your body rises from the dead as a mindless zombie.

.....#,D..,*,**,,#.*,,,,,*,,*
.....###'###.#,*,*.#####**,,*
.............####*,....,,,,,*
......##(###...##.##..#,**,**
........((..#..#....#.#,,*,,**
Z##...###.##.#.#####..#***,*^*
.Z#.........#.#..#...##,*,,,**
#Z#..#.####..#.##.##.###.#..*
#Z#...####..(.#F@#..........*
#.....#........###.###+###..*
#....##..##.####...#,,,,,*,,*
.....#.#.#.##.###..#,***,*,,**
.....####.#...####.#,*,*,*,,>*
.....#.......#.##..#,*+*,*,,**
.....#.#..###....#.#,,,,,*,,,*
.............##.##.#######.,**
...........................,*


You could see a cane toad.

Vanquished Creatures
  A hydra (Lair:1)
  A black mamba (Lair:1)
  2 cane toads (Lair:1)
  A komodo dragon (Lair:1)
  A hornet (D:5)
  A blink frog (Lair:1)
  4 yaks (D:9)
  2 steam dragons
  2 vampire mosquitoes (D:9)
  3 water moccasins
  An ice beast (D:6)
  2 orc warriors
  A black bear (D:8)
  An ogre (D:5)
  A necrophage (D:7)
  4 centaurs
  A phantom (D:6)
  2 kobold brigands
  3 bullfrogs
  A wyvern zombie (D:9)
  2 scorpions
  A water moccasin zombie (D:6)
  3 killer bees (D:8)
  3 vampire bats (D:6)
  2 howler monkeys
  A centaur zombie (D:9)
  2 jellies
  3 orc priests
  A bullfrog zombie (D:5)
  2 gnoll shamans
  A hound (D:6)
  2 iguanas (D:7)
  4 orc wizards
  A scorpion zombie (D:5)
  A howler monkey zombie (D:8)
  Robin (D:3)
  16 gnolls
  4 adders
  A shadow imp (D:5)
  A white imp (D:6)
  2 adder skeletons
  2 worms
  3 dart slugs
  23 orcs
  5 ball pythons
  A bat skeleton (D:6)
  6 bat zombies (D:6)
  10 endoplasms
  6 giant cockroaches
  11 hobgoblins
  6 jackals
  A quokka (D:3)
  7 bats
  4 frilled lizards
  11 goblins
  22 kobolds
  4 rats
211 creatures vanquished.

Vanquished Creatures (collateral kills)
  A polar bear (Lair:1)
  A basilisk (Lair:1)
  2 vampire mosquitoes (D:9)
  An orc wizard (D:8)
  A howler monkey zombie (D:9)
  An orc (D:8)
7 creatures vanquished.

Vanquished Creatures (others)
  A black mamba zombie (Lair:1)
  A blink frog zombie (Lair:1)
  2 cane toad zombies (Lair:1)
  A bullfrog zombie (D:9)
  2 killer bee zombies (D:8)
  5 fungi (Lair:1)
  5 plants (Lair:1)
17 creatures vanquished.

Grand Total: 235 creatures vanquished

Notes
Turn   | Place    | Note
-------+----------+-------------------------------------------
     0 | D:1      | dolemite99 the Minotaur Hunter began the quest for the Orb.
     0 | D:1      | Reached XP level 1. HP: 18/18 MP: 0/0
   134 | D:1      | Reached XP level 2. HP: 26/26 MP: 1/1
   244 | D:1      | Found a faded altar of an unknown god.
  1156 | D:1      | Reached XP level 3. HP: 27/33 MP: 2/2
  2668 | D:3      | Noticed Robin
  2684 | D:3      | Reached skill level 5 in Fighting
  2694 | D:3      | Killed Robin
  2696 | D:3      | Gained mutation: You have large cloven feet. [potion of
                  | mutation]
  2696 | D:3      | Gained mutation: Your skin changes colour to match your
                  | surroundings (Stealth+). [potion of mutation]
  2699 | D:3      | Reached XP level 4. HP: 34/42 MP: 3/3
  2968 | D:3      | Found a blossoming altar of Fedhas.
  2968 | D:3      | Found a stormy altar of Qazlal.
  2971 | D:3      | Found a basalt altar of Yredelemnul.
  2977 | D:3      | Became a worshipper of Yredelemnul the Dark
  3689 | D:4      | Reached XP level 5. HP: 51/51 MP: 4/4
  3908 | D:4      | Reached * piety under Yredelemnul
  4192 | D:4      | Found a staircase to the Ecumenical Temple.
  4530 | D:5      | Entered Level 5 of the Dungeon
  4544 | D:5      | Reached skill level 1 in Short Blades
  4568 | D:5      | Noticed a hornet
  4576 | D:5      | Killed a hornet
  4577 | D:5      | Reached skill level 5 in Crossbows
  4577 | D:5      | Reached XP level 6. HP: 17/60 MP: 5/5
  5315 | D:5      | Reached XP level 7. HP: 66/66 MP: 6/6
  5444 | D:5      | Identified the +3 leather armour of Yzisy {rPois}
  6290 | D:6      | Reached XP level 8. HP: 66/73 MP: 7/7
  6404 | D:6      | Reached skill level 5 in Evocations
  6495 | D:6      | Found an ancient bone altar of Kikubaaqudgha.
  6519 | D:6      | Reached ** piety under Yredelemnul
  7497 | D:6      | Reached skill level 1 in Armour
  8207 | D:7      | Reached skill level 5 in Short Blades
  8426 | D:7      | Reached XP level 9. HP: 79/79 MP: 8/8
  8431 | D:7      | Reached skill level 5 in Armour
  8700 | D:7      | Reached skill level 1 in Long Blades
  8705 | D:7      | Reached skill level 2 in Long Blades
  9050 | D:8      | Found Joobulin's Magic Scroll Shop.
  9062 | D:8      | Bought a scroll of fear for 56 gold pieces
  9062 | D:8      | Bought a scroll of teleportation for 48 gold pieces
  9062 | D:8      | Bought a scroll of identify for 32 gold pieces
  9062 | D:8      | Bought a scroll of identify for 32 gold pieces
  9062 | D:8      | Bought a scroll of identify for 32 gold pieces
  9062 | D:8      | Bought a scroll of teleportation for 48 gold pieces
  9089 | D:8      | Reached skill level 1 in Invocations
  9111 | D:8      | Reached *** piety under Yredelemnul
  9346 | D:8      | Found a staircase to the Lair.
  9847 | D:9      | Reached skill level 3 in Long Blades
 10053 | D:9      | Reached skill level 4 in Long Blades
 10117 | D:9      | Noticed a boulder beetle
 10159 | D:9      | Reached skill level 5 in Long Blades
 10162 | D:9      | Reached skill level 6 in Long Blades
 10176 | D:9      | Reached skill level 7 in Long Blades
 10464 | D:9      | Reached XP level 10. HP: 71/86 MP: 12/12
 10559 | D:9      | Reached skill level 8 in Long Blades
 10775 | D:9      | Acquired the ring "Kiev" {rElec rN+ EV+4 Dex+3 Stlth+}
 11031 | D:9      | Identified the ring "Gihag" {rF+ rN+ Str+2 Int-5}
 11181 | Lair:1   | Entered Level 1 of the Lair of Beasts
 11189 | Lair:1   | Noticed a cane toad
 11206 | Lair:1   | Killed a cane toad
 11207 | Lair:1   | Reached skill level 9 in Long Blades
 11510 | Lair:1   | Reached skill level 10 in Long Blades
 11679 | Lair:1   | Noticed a black mamba
 11687 | Lair:1   | Killed a black mamba
 11813 | Lair:1   | Noticed a cane toad
 11825 | Lair:1   | Killed a cane toad
 11826 | Lair:1   | Reached skill level 11 in Long Blades
 12135 | Lair:1   | Noticed a cane toad
 12135 | Lair:1   | Noticed a five-headed hydra
 12157 | Lair:1   | Killed a five-headed hydra
 12159 | Lair:1   | HP: 2/86 [cane toad (8)]
 12160 | Lair:1   | Succumbed to a cane toad's poison

Illustrated notes

Levels and vault maps discovered:
D:1:      dpeg_arrival_leaves_temple_mockup, layout_basic, serial_glass,
          glass_columns_b, glass_columns_c, basic_ecumenical_altar
D:2:      layout_loops_ring, serial_co_window_serial, co_window_paths_b,
          co_window_paths_a, co_window_paths_a, co_window_paths_b,
          co_window_paths_a, co_window_paths_a, co_window_paths_c,
          co_window_corner_ca, co_window_2corner, co_window_4corner_b,
          glass_columns_a, glass_columns_c, glass_columns_a, glass_columns_a
D:3:      layout_rooms, gammafunk_temple_overflow_claw, serial_curves,
          eino_curves_02, eino_curves_03, eino_curves_04, nrook_uturn,
          grunt_decor_mini_mirrors, lemuel_another_geyser, uniq_robin
D:4:      layout_loops_cross, minmay_temple_entry_overgrown, minmay_diced_spiral
D:5:      layout_cave_pools
D:6:      layout_loops_ring, kennysheep_vampire_church,
          kennysheep_generic_room_11
D:7:      layout_loops_ring, serial_rivers, chequers_serial_rivers_micro_b,
          chequers_serial_rivers_micro_d, chequers_serial_rivers_room_b,
          chequers_serial_rivers_small_b, grunt_ministairs_13, minivault_19,
          kennysheep_cross_room
D:8:      nicolae_cairo_tiling_large_dashed, layout_basic, serial_shops, shop,
          chequers_serial_rivers_micro_a, minmay_misc_feat_four_crosses
D:9:      layout_roguey
Lair:1:   layout_cave_pods, minmay_shattered_shrine, grunt_megastairs_4,
          uniq_urug

Skill      XL: |  1  2  3  4  5  6  7  8  9 10 |
---------------+-------------------------------+-----
Fighting       | 3 4 5 6 7 |  7.0
Short Blades   | 3 4 5 |  5.3
Crossbows      | 5 6 |  6.2
Evocations     | 4 6 |  6.6
Armour         | 4 5 6 |  6.2
Long Blades    | 7 11 | 11.6
Invocations    | 4 |  4.5
Dodging        | |  2.1
Stealth        | |  0.7

Action                   |  1- 3 |  4- 6 |  7- 9 | 10-12 || total
-------------------------+-------+-------+-------+-------++-------
Melee: Short sword       |   110 |    54 |    23 |       ||   187
       Headbutt          |    16 |    12 |    54 |    13 ||    95
       Kick              |       |    26 |       |       ||    26
       Dagger            |       |    37 |   180 |       ||   217
       Scimitar          |       |       |    80 |    62 ||   142
 Fire: Hand crossbow     |     4 |    43 |    55 |    20 ||   122
Throw: Stone             |    59 |    19 |    32 |       ||   110
Invok: Animate Remains   |       |       |     5 |     5 ||    10
       Animate Dead      |       |       |     3 |       ||     3
       Injury Mirror     |       |       |     1 |     1 ||     2
  Use: Potion            |     2 |       |     1 |     2 ||     5
       Scroll            |       |       |    21 |     2 ||    23
 Stab: Invisible         |       |       |     2 |       ||     2
       Distracted        |       |       |       |     1 ||     1
Armor: Leather armour    |    17 |       |       |       ||    17
       Ring mail         |    11 |       |       |       ||    11
       Plate armour      |    28 |    47 |   228 |    56 ||   359
Dodge: Dodged            |    71 |    24 |   105 |    46 ||   246
Block: Other             |    16 |    15 |    74 |    19 ||   124
       Reflection        |       |     1 |     6 |     1 ||     8

Table legend: (Time is in decaauts)
 A = Elapsed time spent in this place.
 B = Non-inter-level travel time spent in this place.
 C = Inter-level travel time spent in this place.
 D = Time resting spent in this place.
 E = Time spent auto-exploring this place.
 F = Levels seen in this place.
 G = Mean time per level.
                   A        B        C        D        E       F      G
               +--------+--------+--------+--------+--------+-----+--------+
         Total |  12166 |  11566 |    600 |   2219 |   7156 |  10 | 1216.6 |
       Dungeon |  11185 |  10586 |    599 |   2217 |   6331 |   9 | 1242.8 |
          Lair |    980 |    980 |      0 |      2 |    825 |   1 |  980.0 |
               +--------+--------+--------+--------+--------+-----+--------+

Top non-repeatable levels by time:
     D:6: 1900 daAuts
     D:9: 1349 daAuts
     D:2: 1341 daAuts
     D:7: 1321 daAuts
     D:1: 1293 daAuts
     D:3: 1142 daAuts
     D:5: 1137 daAuts
  Lair:1: 980 daAuts
     D:4: 895 daAuts
     D:8: 803 daAuts
